AoeStats
← YO MAMA

Arabia

510742312Analyzed
1v1 RM · 6h ago on Oct 2, 2026· 27m 16s· 2 players
Game mode
Random Map
Map size
Tiny (2 player)
Population
200
Speed
Normal
Resources
Standard
Victory
Conquest
Starting age
Dark Age
Ending age
Imperial Age
RankedLock teamsTeams togetherTeam positionsShared explorationLock speedFull tech treeHidden civsTurbo modeCheats
Victory
Defeat
🇨🇿 Tatars · Czechia
1452
+14
🇯🇵 Saracens · Japan
1411
-14
YO MAMA
7:02 Loom
9:27 Feudal Age
10:10 Double-Bit Axe
13:24 Fletching
15:44 Padded Archer Armor
22:22 Castle Age
23:05 Bloodlines
23:29 Bodkin Arrow
26:24 Leather Archer Armor
25:31 Elite Skirmisher
zhao_web
6:57 Loom
10:01 Feudal Age
10:34 Double-Bit Axe
15:09 Fletching
17:16 Padded Archer Armor
24:28 Castle Age
23:40 Scale Barding Armor
23:59 Bloodlines
24:02 Forging
24:31 Crossbowman
Connection lost

Rejoining the realm…

Still unreachable

The connection could not be restored.

Session expired

The server has moved on; the page needs a fresh start.